[Event "32nd NATO Chess Championship"]
[Site "Tartu, Estonia"]
[Date "2022.06.29"]
[Round "4.2"]
[White "Pavlidis, Anastasios"]
[Black "Cichy, Kamil"]
[Result "1-0"]
[TimeControl "90 min + 30 sec increment from move one"]
[WhiteTitle "IM"]
[WhiteFideId "4208404"]
[BlackFideId "1177257"]
[WhiteElo "2296"]
[BlackElo "2179"]

1. e4 d5 2. exd5 Qxd5 3. Nc3 Qd8 4. d4 g6 5. Nf3 Bg7 6. Bc4 Nf6 7. O-O O-O 8. h3 a6 9. a4 b6 10.
Qe2 Bb7 11. Re1 e6 12. Bg5 h6 13. Bh4 g5 14. Bg3 Nc6 15. Rad1 Nb4 16. Ne5 Nbd5 17. Nxd5 exd5 18. Bd3 Ne4 19.
Bh2 f5 20. f3 Nd6 21. c3 Qe8 22. Qc2 Rd8 23. Nc4 dxc4 24. Rxe8 Rdxe8 25. Bxd6 cxd3 26. Qb3+ Rf7 27. Bxc7 g4 28.
Rxd3 gxf3 29. gxf3 Bf6 30. Be5 Kf8 31. Qb4+ Kg8 32. Qxb6 Rg7+ 33. Kf1 Bxe5 34. dxe5 Rxe5 35. Qxh6 Re8 36.
Kf2 Rge7 37. Rd6 Re2+ 38. Kg3 f4+ 39. Qxf4 1-0

[Event "32nd NATO Chess Championship"]
[Site "Tartu, Estonia"]
[Date "2022.06.29"]
[Round "4.3"]
[White "Papasimakopoulos, Alexandros"]
[Black "Pedersen, Finn"]
[Result "1-0"]
[TimeControl "90 min + 30 sec increment from move one"]
[WhiteTitle "CM"]
[BlackTitle "FM"]
[WhiteFideId "4244125"]
[BlackFideId "1400762"]
[WhiteElo "2259"]
[BlackElo "2300"]

1. c4 c6 2. Qa4 Nf6 3. Nf3 e6 4. d4 d5 5. Bg5 Nbd7 6. Nbd2 h6 7. Bh4 Nb6 8. Qc2 Nxc4 9. Nxc4 dxc4 10.
Bxf6 Bb4+ 11. Kd1 Qxf6 12. Qxc4 a5 13. e3 O-O 14. Bd3 Bd6 15. Ke2 e5 16. dxe5 Bxe5 17. Nxe5 Qxe5 18. Qc3 Qh5+ 19.
f3 Re8 20. Kf2 Be6 21. a3 a4 22. Bc2 Rad8 23. h4 Bb3 24. g4 Qb5 25. Bxb3 axb3 26. Rad1 Rd5 27. Rxd5 Qxd5 28. e4 Qe6 29.
Rd1 h5 30. gxh5 Qh3 31. Rg1 Qh2+ 32. Rg2 Qxh4+ 33. Ke2 f6 34. Qxb3+ Kh8 35. Qxb7 Rxe4+ 36. Kd3 Rd4+ 37. Kc2 Rd7 38.
Qc8+ Kh7 39. Qxd7 Qc4+ 40. Kd2 Qf4+ 41. Ke2 Qe5+ 42. Kf1 Qb5+ 43. Kg1 Qc5+ 44. Kh1 1-0

[Event "32nd NATO Chess Championship"]
[Site "Tartu, Estonia"]
[Date "2022.06.29"]
[Round "4.4"]
[White "Pietruszewski, Marcin"]
[Black "Schott, Guido"]
[Result "1-0"]
[TimeControl "90 min + 30 sec increment from move one"]
[WhiteFideId "1170295"]
[BlackFideId "4646746"]
[WhiteElo "2195"]
[BlackElo "2028"]

1. e4 c5 2. Nf3 e6 3. d4 cxd4 4. Nxd4 Nc6 5. Nc3 Qc7 6. Be3 a6 7. Be2 Nf6 8. O-O Bb4 9. Na4 O-O 10.
c4 Nxe4 11. Bf3 f5 12. c5 Qe5 13. Nxc6 bxc6 14. Nb6 Bxc5 15. Nxa8 Bxe3 16. fxe3 Qb8 17. Bxe4 fxe4 18. Rxf8+ Kxf8 19.
Qd4 e5 20. Rf1+ Ke8 21. Qc5 d6 22. Qxc6+ Bd7 23. Nc7+ Ke7 24. Nd5+ Ke6 25. Qc4 1-0

[Event "32nd NATO Chess Championship"]
[Site "Tartu, Estonia"]
[Date "2022.06.29"]
[Round "4.5"]
[White "Onley, David E"]
[Black "Sycz, Dariusz"]
[Result "0-1"]
[TimeControl "90 min + 30 sec increment from move one"]
[WhiteFideId "419311"]
[BlackFideId "1138650"]
[WhiteElo "2083"]
[BlackElo "2189"]

1. e4 d6 2. d4 Nf6 3. Nc3 Nbd7 4. Be3 e5 5. f3 Be7 6.
Qd2 c6 7. O-O-O a6 8. g4 b5 9. Nce2 Qc7 10. Ng3 Nb6 11. g5 Ng8 12. Kb1 h6 13. gxh6 Nxh6 14. Qf2 c5 15. dxc5 dxc5 16. N1e2 b4 17. Nc1 Be6 18. Rg1 g6 19. h4 Na4 20. h5 g5 21. Nf5 Nxf5 22. exf5 Bxf5 23. Bxg5 f6 24. Bh4 c4 25. Rg7 Qc6 26. Qe3 Bc5 27. Qe2 Bf8 28. Rg1 Rc8 29. Ka1 Rxh5 30. Bg3 Rh6 31. Re1 Bd6 32. f4 e4 33. Bg2 Kf7 34. Bxe4 Bxe4 35. Qxe4 Qxe4 36. Rxe4 a5 37. Ne2 f5 38. Rd4 Re8 39. Rxd6 Rxd6 0-1

[Event "32nd NATO Chess Championship"]
[Site "Tartu, Estonia"]
[Date "2022.06.29"]
[Round "4.6"]
[White "Mouroutis, Konstantinos"]
[Black "Valeinis, Janis"]
[Result "0-1"]
[TimeControl "90 min + 30 sec increment from move one"]
[WhiteFideId "4204689"]
[BlackFideId "11601450"]
[WhiteElo "2133"]
[BlackElo "2176"]

1. d4 d5 2. Bg5 h6 3. Bh4 c6 4. c3 Qb6 5. Qb3 Bf5 6. Nd2 Nd7 7. f3 e5 8. e4 Be6 9. exd5 Bxd5 10. Qxb6 axb6 11. Bf2 exd4 12. Bxd4 Ngf6 13. Bc4 Bxc4 14. Nxc4 b5 15. Ne5 Nc5 16. Bxc5 Bxc5 17. a3 Rd8 18. Rd1 O-O 19. Ne2 Nd5 20. Nd3 Ne3 21. Kd2 Nxd1 22. Rxd1 Rfe8 23. Ng3 Bb6 24. Kc2 Bc7 25. Nf1 Re2+ 26. Rd2 Rxd2+ 27. Kxd2 f5 28. g3 Kf7 29. Ke2 Re8+ 30. Kd2 Bd6 31. Ne3 Kf6 32. c4 bxc4 33. Nxc4 Bc7 34. Nc5 Rd8+ 35. Ke2 b5 36. Nd2 Be5 37. b3 Ra8 38. a4 Bd6 39. Nd3 bxa4 40. bxa4 Rxa4 41. f4 g5 42. fxg5+ hxg5 43. Ke3 Bc7 44. Kf3 Ra3 45. Ke2 Ra2 46. Nb4 Rxd2+ 47. Kxd2 Ba5 0-1

[Event "32nd NATO Chess Championship"]
[Site "Tartu, Estonia"]
[Date "2022.06.29"]
[Round "4.7"]
[White "Bohn, Ulrich"]
[Black "Kedzierski, Slawomir"]
[Result "0-1"]
[TimeControl "90 min + 30 sec increment from move one"]
[WhiteFideId "4656105"]
[BlackFideId "1134949"]
[WhiteElo "2168"]
[BlackElo "2133"]

1. d4 Nf6 2. Bf4 d5 3. e3 c5 4. c3 Qb6 5. Qb3 c4 6. Qc2 Nc6 7. Nd2 g6 8. e4 e6 9. Ngf3 Bg7 10.
Be2 O-O 11. e5 Nd7 12. h4 f6 13. exf6 Nxf6 14. Ne5 Nxe5 15. dxe5 Ng4 16. Bg3 Rxf2 17. Qa4 Rxe2+ 18. Kxe2 Qe3+ 19.
Kd1 Bd7 20. Qxd7 Qxg3 21. Qxe6+ Kh8 22. Kc1 Qxg2 23. Rd1 Qe2 24. Qxd5 Qxd1+ 25. Kxd1 Ne3+ 26. Ke2 Nxd5 27. Nxc4 b5 28.
Nd6 Bxe5 29. Nxb5 Rb8 30. Nxa7 Rxb2+ 31. Kd3 Bxc3 32. Rc1 Rxa2 33. Nb5 Bf6 34. Ke4 Ne7 35. Nd6 Ra4+ 36. Kf3 Bxh4 37.
Rc7 Ra6 38. Rd7 h5 39. Ke4 Kg8 40. Nc4 Ra4 41. Kd3 Bf6 42. Nd2 Ra3+ 43. Ke2 Ra2 44. Kd3 Kf7 45. Ne4 Ra3+ 46. Ke2 Bh4 47.
Rb7 Ke6 48. Nd2 Ra2 49. Kd3 Ra6 50. Ke4 Bf6 51. Nb3 Ra4+ 52. Kf3 Kf5 53. Nc5 Ra3+ 54. Ke2 Nd5 55. Nd7 Re3+ 56. Kf2 Re7 0-1

[Event "32nd NATO Chess Championship"]
[Site "Tartu, Estonia"]
[Date "2022.06.29"]
[Round "4.8"]
[White "Nikomanis, Andreas"]
[Black "Graczyk, Damian"]
[Result "1/2-1/2"]
[TimeControl "90 min + 30 sec increment from move one"]
[WhiteFideId "4213831"]
[BlackFideId "1170716"]
[WhiteElo "2068"]
[BlackElo "2151"]

1. e4 d5 2. exd5 Qxd5 3. Nc3 Qd8 4. d4 Nf6 5. Nf3 Bg4 6. h3 Bxf3 7. Qxf3 c6 8. Be3 e6 9. Bd3 Nd5 10.
O-O Nxc3 11. bxc3 Qd5 12. Qg3 Nd7 13. c4 Qd6 14. Qf3 Nf6 15. Rab1 Qd7 16. d5 exd5 17. cxd5 Nxd5 18. Bd4 f6 19.
Rfe1+ Ne7 20. Bc5 b6 21. Bxe7 Bxe7 22. Rbd1 Qc7 23. Qh5+ Kf8 24. Re4 Rd8 25. Rde1 Rd7 26. Bc4 g6 27.
Qe2 Bc5 28. Qf3 Kg7 29. Re6 Rf8 30. Rxc6 Qd8 31. Bd3 Rd6 32. h4 Rxc6 33. Qxc6 Qd4 34. Re2 Qxh4 35. a4 a5 36. Bb5 Qf4 37.
Qd5 h5 38. Bc4 h4 39. Qd7+ Kh6 40. Qd2 Qxd2 41. Rxd2 Re8 42. Kf1 Kg5 43. Rd5+ f5 44. Bd3 Bb4 45. Be2 Re4 46. Rd1 Bc3 47.
Bb5 Rb4 48. Ke2 Re4+ 49. Kd3 Rd4+ 50. Ke2 Rxd1 51. Kxd1 Kf4 52. Ke2 Bd4 53. Bc6 g5 54. Bb7 g4 55. Bc6 Bc5 56. Bb7 g3 57.
fxg3+ Kxg3 58. c4 f4 59. Bf3 h3 60. gxh3 Kxh3 61. Bd5 Kg3 62. Bf3 Kh4 63. Bd5 Kg5 64. Kf3 Kf5 65. Bc6 Ke5 66.
Be8 Be3 67. Bd7 Kd4 68. Bb5 Kc5 69. Ke4 Kb4 70. Kf3 Bc1 71. Ke4 Kc5 72. Kf3 Kd4 73. Ba6 Kc5 74. Bb5 1/2-1/2

[Event "32nd NATO Chess Championship"]
[Site "Tartu, Estonia"]
[Date "2022.06.29"]
[Round "4.9"]
[White "Aagaard, Gert"]
[Black "Nill, Oliver"]
[Result "0-1"]
[TimeControl "90 min + 30 sec increment from move one"]
[WhiteFideId "1427024"]
[BlackFideId "4652630"]
[WhiteElo "1979"]
[BlackElo "2166"]

1. d4 g6 2. Nf3 Bg7 3. e3 Nf6 4. Be2 O-O 5. c4 d6 6. Nc3 Nbd7 7. O-O e5 8. b3 Re8 9. Qc2 e4 10.
Nd2 Qe7 11. Bb2 Nf8 12. Rac1 Bf5 13. Rfd1 h5 14. c5 d5 15. c6 b6 16. Ba6 Ne6 17. Nb5 Nh7 18. Bb7 Rad8 19. Nxa7 Qg5 20.
Kh1 Nf6 21. Nf1 Ng4 22. Nb5 Qh4 23. Kg1 Ng5 24. Qe2 Nh6 25. f3 exf3 26. gxf3 Nh3+ 27. Kh1 Ng4 28. fxg4 Be4+ 0-1

[Event "32nd NATO Chess Championship"]
[Site "Tartu, Estonia"]
[Date "2022.06.29"]
[Round "4.10"]
[White "Pavlidou, Ekaterini"]
[Black "Stankowski, Aleksander"]
[Result "1-0"]
[TimeControl "90 min + 30 sec increment from move one"]
[WhiteTitle "WIM"]
[WhiteFideId "4213262"]
[BlackFideId "1137603"]
[WhiteElo "2146"]
[BlackElo "1971"]

1. d4 Nf6 2. c4 g6 3. Nc3 Bg7 4.
e4 d6 5.
Be2 O-O 6. Be3 e5 7. d5 Ne8 8. g4 f5 9. gxf5 gxf5 10. exf5 Bxf5 11. Nf3 Na6 12. Rg1 Nb4 13. Rc1 a5 14.
a3 Na6 15. Ng5 h6 16. Ne6 Bxe6 17. dxe6 Qh4 18. Nd5 Qxh2 19. Rg4 Rf6 20. Nxf6+ Nxf6 21. Qd3 Nxg4 22. Qg6 Nf6 23. Kd2 Re8 24.
Rg1 Re7 25. Qxf6 Qxg1 26. Qxe7 e4 27. Qf7+ Kh7 28. e7 Qb1 29. Qf5+ 1-0

[Event "32nd NATO Chess Championship"]
[Site "Tartu, Estonia"]
[Date "2022.06.29"]
[Round "4.12"]
[White "Pazeriene, Diana"]
[Black "Keough, Robert"]
[Result "1/2-1/2"]
[TimeControl "90 min + 30 sec increment from move one"]
[WhiteFideId "12802190"]
[BlackFideId "410667"]
[WhiteElo "1930"]
[BlackElo "2074"]

1. d4 Nf6 2. c4 g6 3. Nc3 Bg7 4. e4 d6 5. Be2 O-O 6. Nf3 Nbd7 7. O-O e5 8. Re1 Re8 9. d5 Nc5 10.
Nd2 a5 11. b3 Bh6 12. Qc2 Ng4 13. Nf1 Bxc1 14. Raxc1 Qh4 15. Bxg4 Bxg4 16. Ne3 Bd7 17. a3 a4 18. b4 Nb3 19.
Rcd1 Rf8 20. f3 f5 21. Qf2 Qh6 22. Nc2 b6 23. Na1 Nd4 24. Nc2 fxe4 25. Nxd4 exd4 26. Nxe4 d3 27. Rxd3 Bf5 28.
Rde3 Qg7 29. Qd2 Bd7 30. Ng5 Rae8 31. Ne6 Bxe6 32. dxe6 Re7 33. Qd5 Rfe8 34. h3 Qf6 35. Kh2 Kg7 36.
Re4 h5 37. f4 Qf5 38. R1e3 h4 39. Qd4+ Qf6 40. Qd5 Qf5 41. Qd4+ Qf6 42. Qd5 Qf5 1/2-1/2

[Event "32nd NATO Chess Championship"]
[Site "Tartu, Estonia"]
[Date "2022.06.29"]
[Round "4.13"]
[White "Balmaceda, Enrico"]
[Black "Sauer, Marko"]
[Result "1/2-1/2"]
[TimeControl "90 min + 30 sec increment from move one"]
[WhiteFideId "2089785"]
[BlackFideId "1270766"]
[WhiteElo "1958"]
[BlackElo "2065"]

1. d4 d5 2. Bg5 c6 3. c3 Bf5 4. Nf3 Qb6 5. Qb3 Nd7 6. Nbd2 h6 7. Bf4 Ngf6 8. e3 e6 9. Be2 Be7 10.
O-O O-O 11. h3 Rfc8 12. c4 c5 13. Rfc1 dxc4 14. Bxc4 a6 15. Bf1 Ne4 16. g4 Bg6 17. Bg2 cxd4 18. Qxb6 Nxb6 19. Nxe4 Bxe4 20.
Nxd4 Bxg2 21. Kxg2 Nd5 22. Bg3 Bf6 23. a3 g6 24. Kf1 b5 25. Ke2 Nb6 26. b3 Nd7 27. Bd6 Nb6 28. Bc5 Nd5 29.
a4 b4 30. Rc4 a5 31. Rac1 Nc3+ 32. Ke1 Ra6 33. f3 e5 34. Ne2 e4 35. fxe4 Rac6 36. Bd4 Bh4+ 37. Kf1 Rxc4 38. bxc4 Nxe4 39.
c5 Nd2+ 40. Kg2 Bg5 41. c6 Nb3 42. Rc2 Nxd4 43. exd4 Bf6 44. d5 Be5 45. Nc1 Kf8 46. Kf3 Ke7 47. Nb3 Kd6 48. Ke4 Bc3 49.
Nxa5 Re8+ 50. Kd3 Kxd5 51. Rf2 f6 52. Nb3 Kxc6 53. h4 Kd5 54. h5 gxh5 55. gxh5 Rg8 56. Rf5+ Be5 57. Rf3 Rg2 58.
Nd2 Rh2 59. a5 Kc5 60. Ne4+ Kb5 61. Nxf6 Bxf6 62. Rxf6 Rxh5 63. a6 Rh3+ 64. Kc2 Ra3 65. Rxh6 Rxa6 66. Rxa6 Kxa6 67. Kb2 Kb5 68. Kb3 Kc5 69. Kb2 Kc4 70. Kc2 b3+ 71. Kb2 Kb4 72.
Kb1 Kb5 73. Kb2 Kc4 74. Kb1 Kc3 75. Kc1 Kb4 76. Kb2 Kc4 77. Kb1 1/2-1/2

[Event "32nd NATO Chess Championship"]
[Site "Tartu, Estonia"]
[Date "2022.06.29"]
[Round "4.14"]
[White "Tustanowski, Mateusz"]
[Black "Randall, Gordon"]
[Result "1-0"]
[TimeControl "90 min + 30 sec increment from move one"]
[WhiteFideId "1169866"]
[BlackFideId "2056518"]
[WhiteElo "2036"]
[BlackElo "1954"]

1. d4 Nf6 2. Bf4 c5 3. e3 g6 4. Nf3 Bg7 5. Nbd2 O-O 6. Bd3 Nc6 7. c3 d6 8. Bg3 Bd7 9. O-O a6 10.
a4 Rc8 11. Qe2 Nh5 12. d5 Nxg3 13. hxg3 Nb8 14. Ne1 e6 15. e4 exd5 16. exd5 Qg5 17. Nc4 Rce8 18. Ne3 Bc8 19. Nf3 Qh6 20.
Rfe1 f5 21. Nh4 Bd7 22. f4 b5 23. axb5 axb5 24. Bxb5 Rxe3 25. Qxe3 Bxb5 26. Qe6+ Rf7 27. Ra8 1-0

[Event "32nd NATO Chess Championship"]
[Site "Tartu, Estonia"]
[Date "2022.06.29"]
[Round "4.15"]
[White "Jacob, Tobias"]
[Black "Dekker, Ard"]
[Result "1/2-1/2"]
[TimeControl "90 min + 30 sec increment from move one"]
[WhiteFideId "12903221"]
[BlackFideId "1014528"]
[WhiteElo "2013"]
[BlackElo "1932"]

1. c4 c6 2. g3 d5 3. Bg2 Nf6 4. Nf3 Bf5 5. Qb3 Qb6 6. d3 Qxb3 7. axb3 h6 8. Be3 Nbd7 9. Nc3 e5 10.
cxd5 cxd5 11. Nb5 Bb4+ 12. Bd2 Bxd2+ 13. Kxd2 O-O 14. Nxa7 Be6 15. e3 Nc5 16. Ra3 Nfd7 17. Rc1 Rxa7 18.
Rxa7 Nxb3+ 19. Kd1 Nxc1 20. Kxc1 Rc8+ 1/2-1/2

[Event "32nd NATO Chess Championship"]
[Site "Tartu, Estonia"]
[Date "2022.06.29"]
[Round "4.16"]
[White "Tammisto, Janek"]
[Black "Hernandez, Albert"]
[Result "1/2-1/2"]
[TimeControl "90 min + 30 sec increment from move one"]
[WhiteFideId "4510950"]
[BlackFideId "2075407"]
[WhiteElo "1881"]
[BlackElo "2012"]

1. e4 e6 2. d4 d5 3. exd5 exd5 4. Nf3 Bd6 5. Bd3 Ne7 6. Bg5 f6 7. Bh4 O-O 8. O-O Bf5 9. Bg3 Bxg3 10.
hxg3 Nd7 11. Re1 Bxd3 12. Qxd3 Re8 13. Nbd2 Nf8 14. Re3 Qd7 15. Rae1 Neg6 16. Nh4 1/2-1/2

[Event "32nd NATO Chess Championship"]
[Site "Tartu, Estonia"]
[Date "2022.06.29"]
[Round "4.17"]
[White "Nilsson, Erik"]
[Black "Choina, Michal"]
[Result "1/2-1/2"]
[TimeControl "90 min + 30 sec increment from move one"]
[WhiteFideId "1409000"]
[BlackFideId "1166565"]
[WhiteElo "2002"]
[BlackElo "1927"]

1. d4 Nf6 2. c4 g6 3. Nc3 d6 4. e4 Bg7 5. Nge2 O-O 6. Ng3 e5 7. d5 Ne8 8. Be2 f5 9. exf5 Bxf5 10.
O-O Nd7 11. Be3 a6 12. Qd2 Ndf6 13. f3 Qd7 14. Bd3 Bxd3 15. Qxd3 Bh8 16. Bh6 Bg7 17. Be3 Bh8 18. Nce4 Nxe4 19.
Nxe4 Bf6 20. Bh6 Bg7 21. Be3 Bf6 22. Bh6 Bg7 1/2-1/2

[Event "32nd NATO Chess Championship"]
[Site "Tartu, Estonia"]
[Date "2022.06.29"]
[Round "4.18"]
[White "Peraino, Andrew"]
[Black "Cirkvencic, Franci"]
[Result "1-0"]
[TimeControl "90 min + 30 sec increment from move one"]
[WhiteFideId "30936187"]
[BlackFideId "14600528"]
[WhiteElo "1940"]
[BlackElo "2000"]

1. e4 c5 2. Nf3 d6 3. Bb5+ Nd7 4. a4 a6 5. Bc4 Ngf6 6. Nc3 e6 7. Qe2 Ne5 8. Nxe5 dxe5 9. d3 Bd6 10.
Bd2 h6 11. g3 Qc7 12. a5 Bd7 13. h4 Bc8 14. g4 Bd7 15. Rg1 O-O-O 16. g5 hxg5 17. hxg5 Bc6 18. g6 Nh5 19.
gxf7 Qxf7 20. Qg4 Bd7 21. Na4 Nf6 22. Nb6+ Kc7 23. Qg2 Rdg8 24. O-O-O g6 25. Qf3 Rh7 26. Rg5 Be8 27. Bc3 Rh5 28.
Bxe5 Bxe5 29. Rxe5 Rxe5 30. Qg3 Ng4 31. f4 Rf5 32. exf5 gxf5 33. Qg1 Qe7 34. d4 Qd6 35. Qg3 Nf6 36.
Qe3 Ne4 37. dxc5 Qe7 38. Qd4 Nxc5 39. Qe5+ Kc6 40. b4 Bh5 41. b5+ axb5 42. Bd5+ exd5 43. Qxe7 Bxd1 44. Qf6+ Kc7 45. Qf7+ Kb8 46.
Qxg8+ Ka7 47. Qa8# 1-0

[Event "32nd NATO Chess Championship"]
[Site "Tartu, Estonia"]
[Date "2022.06.29"]
[Round "4.19"]
[White "Duren, Andrew"]
[Black "Simard, Francois"]
[Result "1-0"]
[TimeControl "90 min + 30 sec increment from move one"]
[WhiteFideId "2019663"]
[BlackFideId "2621681"]
[WhiteElo "1997"]
[BlackElo "1757"]

1. d4 d5 2. Bf4 e6 3. e3 Nf6 4. Nd2 Bd6 5. Bg3 O-O 6. Ngf3 c5 7. c3 Nc6 8. Bd3 b6 9. Ne5 Qc7 10.
f4 Re8 11. Bh4 Nd7 12. Bxh7+ Kf8 13. Qh5 Ndxe5 14. fxe5 Be7 15. O-O Bxh4 16. Bg6 Bf6 17. exf6 fxg6 18. Qh8+ 1-0

[Event "32nd NATO Chess Championship"]
[Site "Tartu, Estonia"]
[Date "2022.06.29"]
[Round "4.20"]
[White "Tikerpuu, Mati"]
[Black "Nielsen, Jan Mose"]
[Result "1-0"]
[TimeControl "90 min + 30 sec increment from move one"]
[WhiteFideId "4505905"]
[BlackFideId "1405306"]
[WhiteElo "1819"]
[BlackElo "1991"]

1. b4 h5 2. Bb2 h4 3. h3 d5 4. e3 Nf6 5. c4 e6 6. a3 b6 7. Nf3 Nbd7 8. d4 dxc4 9. Bxc4 Bb7 10.
Nc3 Bd6 11. O-O Qe7 12. Qe2 c5 13. Ba6 Bxa6 14. Qxa6 cxb4 15. Nb5 O-O 16. Nxd6 Qxd6 17. axb4 Rfc8 18. b5 Rc2 19. Ba3 Qd5 20.
Qa4 Rac8 21. Rfc1 R8c4 22. Qxa7 Qxb5 23. Qa8+ Kh7 24. Rxc2 Rxc2 25. Nxh4 Nd5 26. Bd6 Qe2 27. Bg3 Nxe3 28.
Qe4+ Nf5 29. Qxe2 Rxe2 30. Nxf5 exf5 31. Ra7 Nf6 32. Rxf7 Kg6 33. Rb7 Re1+ 34. Kh2 Rb1 35. Be5 Rb3 36. f3 Rb5 37. Kg3 Rb3 38. Kh4 Rb2 39. g4 fxg4 40. fxg4 Rb3 41. g5 Nh5 42. Kg4 Rb4 43.
Rc7 1-0

[Event "32nd NATO Chess Championship"]
[Site "Tartu, Estonia"]
[Date "2022.06.29"]
[Round "4.21"]
[White "Jauk, Wilhelm"]
[Black "Graham, Frazer"]
[Result "1-0"]
[TimeControl "90 min + 30 sec increment from move one"]
[WhiteFideId "24681067"]
[BlackFideId "479993"]
[WhiteElo "2156"]
[BlackElo "1864"]

1. d4 c5 2. c3 e6 3. Nf3 d5 4. Bf4 Nf6 5. e3 Bd6 6. Ne5 O-O 7. Nd2 Bxe5 8. Bxe5 b6 9. Rc1 Nfd7 10.
Bg3 Nc6 11. Be2 e5 12. dxe5 Ndxe5 13. O-O Bf5 14. Nf3 Re8 15. Qa4 Qf6 16. Rfd1 Bg4 17. Rxd5 Nxf3+ 18. gxf3 Ne7 19. Rd6 Be6 20.
Rcd1 Nf5 21. R6d2 Nxg3 22. hxg3 g6 23. Kg2 a6 24. Rd6 b5 25. Qa3 Rec8 26. g4 b4 27. cxb4 cxb4 28. Qxb4 Rc2 29.
R1d2 Rc1 30. Qd4 1-0

[Event "32nd NATO Chess Championship"]
[Site "Tartu, Estonia"]
[Date "2022.06.29"]
[Round "4.23"]
[White "Heran-Boily, Samuel"]
[Black "Flaata, Alexander R."]
[Result "0-1"]
[TimeControl "90 min + 30 sec increment from move one"]
[WhiteFideId "1554565"]
[BlackFideId "1502026"]
[WhiteElo "1871"]
[BlackElo "2048"]

1. e4 c5 2. Nf3 Nc6 3. Bc4 e6 4. O-O d5 5. exd5 exd5 6. Re1+ Be7 7. Bb3 Nf6 8. c3 Bg4 9. h3 Bh5 10.
d3 O-O 11. Nbd2 Bg6 12. Nf1 b5 13. Bg5 c4 14. Bc2 Qc7 15. Ng3 Rfe8 16. d4 b4 17. Ba4 Red8 18. Bxc6 Rab8 19. Ba4 bxc3 20.
bxc3 Ba3 21. Ne5 Bb2 22. Nxg6 hxg6 23. Rb1 Bxc3 24. Rxb8 Rxb8 25. Bxf6 Bxe1 26. Be5 Bxf2+ 27. Kxf2 Rb2+ 28.
Kg1 Qa5 29. Bc6 c3 30. Qf3 c2 31. Ne2 Qe1+ 32. Kh2 Qxe2 33. Qxe2 c1=Q 34. Qa6 Rb1 35. Bxd5 Qg1+ 36. Kg3 Qe1+ 37.
Kg4 Kh7 38. Qxa7 g5 39. Bg3 f5+ 40. Kxf5 Qxg3 41. Qa8 Qf4+ 42. Ke6 Rb6+ 43. Bc6 Qe4+ 44. Kd6 Qxd4+ 45. Kc7 Rb4 46. Qf8 Qa7+ 47.
Kd6 Rd4+ 48. Ke5 Rf4 49. Qe8 Qd4+ 50. Ke6 Rf6+ 51. Kd5 0-1

[Event "32nd NATO Chess Championship"]
[Site "Tartu, Estonia"]
[Date "2022.06.29"]
[Round "4.24"]
[White "Koopmeiners, Karl"]
[Black "Voroblievas, Arturas"]
[Result "0-1"]
[TimeControl "90 min + 30 sec increment from move one"]
[WhiteFideId "24624373"]
[BlackFideId "12803430"]
[WhiteElo "1946"]
[BlackElo "1740"]

1. d4 d5 2. c4 c6 3. Nf3 Nf6 4. g3 Bg4 5. Ne5 Bf5 6. cxd5 Qxd5 7. f3 Bxb1 8. Rxb1 Qxa2 9. Bd2 Qd5 10.
Bc3 e6 11. Bg2 Be7 12. O-O Qd8 13. e4 O-O 14. b4 Qb6 15. Kh1 a6 16. f4 Rd8 17. Qb3 Nbd7 18. f5 Nxe5 19. dxe5 Ng4 20.
fxe6 Nf2+ 21. Rxf2 Qxf2 22. Rf1 Qe2 23. exf7+ Kf8 24. e6 Rd3 25. Qb2 Qxb2 26. Bxb2 Bxb4 27. h4 a5 28. Rb1 Rad8 29.
Bxg7+ Kxg7 30. Rxb4 axb4 31. e7 Kxf7 0-1

[Event "32nd NATO Chess Championship"]
[Site "Tartu, Estonia"]
[Date "2022.06.29"]
[Round "4.26"]
[White "Farrell, John"]
[Black "Papler, Peter"]
[Result "1-0"]
[TimeControl "90 min + 30 sec increment from move one"]
[WhiteFideId "2024608"]
[BlackFideId "14609770"]
[WhiteElo "1913"]
[BlackElo "1714"]

1. c4 Nf6 2. g3 c6 3. Nf3 d6 4. d4 Qc7 5. Nc3 Nbd7 6. Bg2 e5 7. d5 Be7 8. e4 O-O 9. O-O a6 10.
h3 Rb8 11. Be3 c5 12. a4 Qa5 13. Qe2 Re8 14. Bd2 Qc7 15. Ne1 Nf8 16. Nd3 Bd7 17. Rfc1 Qc8 18. Kh2 Bd8 19. f4 Ng6 20.
fxe5 dxe5 21. Be3 Be7 22. Qf2 b6 23. a5 b5 24. cxb5 c4 25. Na4 Bxb5 26. Nb6 Qc7 27. Ne1 Nd7 28.
Nxd7 Qxd7 29. Nc2 Rec8 30. Qd2 Ba4 31. Na3 Bb4 32. Qf2 c3 33. bxc3 Bxc3 34. Rab1 Bxa5 35. Rxb8 Rxb8 36. Nc4 Bd8 37.
Nb6 Bxb6 38. Bxb6 Bb5 39. Bc7 Rb7 40. d6 Nf8 41. Qc5 Ne6 42. Qxe5 f6 43. Qd5 Qc8 44. e5 Ra7 45. exf6 gxf6 46.
Re1 Bd7 47. Bb6 1-0

[Event "32nd NATO Chess Championship"]
[Site "Tartu, Estonia"]
[Date "2022.06.29"]
[Round "4.28"]
[White "Pirs, Matjaz"]
[Black "Charles, Freddy"]
[Result "1-0"]
[TimeControl "90 min + 30 sec increment from move one"]
[WhiteFideId "14606941"]
[BlackFideId "1742"]
[WhiteElo "1965"]
[BlackElo "1742"]

1. d4 Nf6 2. Bf4 d6 3. c4 c6 4.
Nc3 Qa5 5. Qd2 Bf5 6. e4 Bg6 7. f3 Nbd7 8. a3 e5 9. Be3 Be7 10. Nge2 h6 11. h4 c5 12. d5 a6 13. g4 Qc7 14.
Ng3 O-O-O 15. Bd3 Ne8 16. Ke2 f6 17. h5 Bh7 18. b4 b6 19. Rab1 Kb8 20. Rb3 Ka8 21. Rhb1 Rb8 22. Nf5 Bd8 23.
Kf2 Bxf5 24. exf5 Qa7 25. Ne4 a5 26. bxa5 Qxa5 27. Qc1 Qa7 28. Qd1 Qc7 29. Bc2 1-0

[Event "32nd NATO Chess Championship"]
[Site "Tartu, Estonia"]
[Date "2022.06.29"]
[Round "4.29"]
[White "Wendler, Edward"]
[Black "Smit, Jan"]
[Result "1-0"]
[TimeControl "90 min + 30 sec increment from move one"]
[WhiteFideId "30956277"]
[BlackFideId "1052047"]
[WhiteElo "1839"]
[BlackElo "1741"]

1. e4 g6 2. d4 Bg7 3. Nf3 d6 4. Bc4 Nf6 5. Nc3 c6 6. Bb3 b5 7. a3 a5 8. O-O O-O 9. h3 Qc7 10. e5 Nd5 11. Nxd5 cxd5 12.
Bxd5 Ra7 13. Bf4 Nc6 14. exd6 exd6 15. Re1 Be6 16. Bxe6 fxe6 17. Bg3 e5 18. dxe5 dxe5 19. Qd5+ Kh8 20.
Nxe5 Bxe5 21. Bxe5+ Nxe5 22. Qxe5+ Kg8 23. Qxb5 Qxc2 24. Re2 Qf5 25. Qc4+ Rff7 26. Rae1 Rac7 27. Re8+ Kg7 28. Qd4+ Qf6 29.
Qxf6+ Kxf6 30. R1e2 a4 31. R8e4 Ra7 32. Rf4+ Kg7 33. Rxf7+ Kxf7 34. Re4 Kf6 35. f3 h5 36. h4 Kf5 37.
Kh2 Ra5 38. Kg3 Kf6 39. Kf4 g5+ 40. hxg5+ Rxg5 41. Re6+ 1-0

[Event "32nd NATO Chess Championship"]
[Site "Tartu, Estonia"]
[Date "2022.06.29"]
[Round "4.30"]
[White "Adolfssen, Rico"]
[Black "Rizihs, Valerijs"]
[Result "0-1"]
[TimeControl "90 min + 30 sec increment from move one"]
[WhiteFideId "1400371"]
[BlackFideId "11603380"]
[WhiteElo "1837"]
[BlackElo "1619"]

1. e4 c5 2. f4 Nc6 3. Nc3 e6 4. Nf3 a6 5. a4 d5 6.
e5 Nh6 7. Ne2 Nf5 8. d4 cxd4 9. Nexd4 Ncxd4 10. Nxd4 Qh4+ 11. g3 Nxg3 12. Nf3 Qh5 13. Rg1 Nxf1 14. Rxf1 Bc5 15. Qe2 Bd7 16. Be3 Rc8 17. Bxc5 Rxc5 18. Rg1 g6 19. Rg5 Qh3 20. Qf2 Rc4 21. Nd4 Rxa4 22. Rxa4 Bxa4 23. Rg3 Qh4 24. Nf3 Qxf4 25. b3 Qc1+ 26. Ke2 Qxc2+ 27. Nd2 Bb5+ 28. Kf3 Qf5+ 0-1